 Dungeon Sprint DCSS version 0.27-a0-1228-gfd60fd639a (webtiles) character file.

Game seed: 16623010112347734889

288015 mhtbhm the Sensei (level 13, 131/131 HPs)
             Began as a Merfolk Transmuter on June 7, 2021.
             Was the Champion of Okawaru.
             Escaped with the Orb!
             The game lasted 00:17:38 (6452 turns).

mhtbhm the Sensei (Merfolk Transmuter)              Turns: 6452, Time: 00:17:38

Health: 131/131    AC:  8    Str: 14    XL:     13   Next: 74%
Magic:  31/31      EV: 22    Int: 13    God:    Okawaru [******]
Gold:   5223       SH:  0    Dex: 21    Spells: 26/41 levels left

rFire    + . .     SeeInvis .     - Unarmed
rCold    + + +     Faith    .   (shield currently unavailable)
rNeg     . . .     Spirit   .   (armour currently unavailable)
rPois    +         Reflect  .   (helmet currently unavailable)
rElec    +         Harm     .   (cloak currently unavailable)
rCorr    .         Rampage  .   (gloves currently unavailable)
Will     +....     NoTele   +   (boots currently unavailable)
Stlth    ++........             r - amulet "Lallagg" {Acrobat Will+ Regen+ Dex+4}
HPRegen  2.31/turn              g - ring "Boynyd" {Contam rElec rC+++ EV+4 Stlth+}
MPRegen  0.22/turn              n - ring of protection from fire

@: hydra-form, hasted, very quick
A: fast swimmer, devour, boosted hp, very large, (nimble swimmer 2), (mertail),
agile 1, regeneration 1
0: Orb of Zot
a: End Transformation, Renounce Religion, Heroism, Finesse


You escaped.
You worshipped Okawaru.
Okawaru was exalted by your worship.
You were a six-headed hydra.
You visited 1 branch You collected 6690 gold pieces.
You spent 1467 gold pieces at shops.

Inventory:

Missiles
 c - 9 curare-tipped darts
Armour
 a - a +2 robe (melded)
 e - a +0 helmet of intelligence
 j - a +1 pair of gloves of dexterity
 l - a +1 cloak of stealth (melded)
Jewellery
 g - the ring "Boynyd" (left foreclaw) {Contam rElec rC+++ EV+4 Stlth+}
   (You found it in the Dungeon)

   [ring of evasion]

   It affects your evasion (+4).
   It renders you almost immune to cold.
   It insulates you from electricity.
   It causes magical contamination when unequipped.
   It makes you more stealthy.
 k - the ring of the Tortoise {AC+8}
   (You found it in the Dungeon)

   [ring of protection]

   It affects your AC (+8).
 n - a ring of protection from fire (right foreclaw)
 r - the amulet "Lallagg" (around neck) {Acrobat Will+ Regen+ Dex+4}
   (You found it in the Dungeon)

   [amulet of the acrobat]

   It increases your evasion while moving and waiting.
   It affects your dexterity (+4).
   It increases your rate of health regeneration.
   It increases your willpower.
 s - an amulet of reflection
 t - a ring of resist corrosion
Scrolls
 o - 4 scrolls of fog
 p - 2 scrolls of enchant armour
 q - a scroll of amnesia
 w - a scroll of identify
Potions
 b - 7 potions of curing
 d - 3 potions of heal wounds
 f - 4 potions of magic
 i - a potion of brilliance
 v - 2 potions of might
 x - 3 potions of berserk rage
Miscellaneous
 m - a condenser vane


   Skills:
 + Level 9.5 Fighting
 + Level 15.3 Dodging
 + Level 5.6 Stealth
 + Level 24.3 Unarmed Combat
 + Level 14.6 Spellcasting
 + Level 17.3 Transmutations
 + Level 2.6 Ice Magic
 + Level 3.6 Poison Magic
 + Level 4.5 Invocations
 + Level 1.2 Evocations


You had 26 spell levels left.
You knew the following spells:

 Your Spells              Type           Power      Damage    Failure   Level
a - Beastly Appendage     Tmut           100%       N/A       0%          1
b - Wereblood             Tmut           53%        N/A       0%          2
c - Spider Form           Tmut/Pois      18%        N/A       1%          3
d - Hydra Form            Tmut           26%        N/A       1%          5
e - Ice Form              Ice/Tmut       35%        N/A       1%          4

Your spell library contained the following spells:

 Spells                   Type           Power      Damage    Failure   Level
 Ignite Poison            Fire/Tmut/Pois 27%        N/A       1%          3
 Petrify                  Tmut/Erth      32%        N/A       1%          4
 Alistair's Intoxication  Tmut/Pois      24%        N/A       2%          5
 Irradiate                Conj/Tmut      16%        3d18      5%          5
 Yara's Violent Unravell  Hex/Tmut       16%        3d8       5%          5
 Corpse Rot               Necr/Air       N/A        N/A       11%         2
 Sublimation of Blood     Necr           4%         N/A       11%         2
 Eringya's Noxious Bog    Tmut/Pois      18%        N/A       14%         6
 Confusing Touch          Hex            9%         N/A       22%         3
 Gell's Gravitas          Tloc           4%         N/A       22%         3
 Dispel Undead            Necr           9%         3d8       56%         4
 Metabolic Englaciation   Hex/Ice        6%         N/A       73%         5
 Agony                    Necr           9%         N/A       89%         5
 Excruciating Wounds      Necr           4%         N/A       89%         5
 Haunt                    Necr/Summ      4%         N/A       100%        7
 Malign Gateway           Summ/Tloc      4%         N/A       100%        7
 Monstrous Menagerie      Summ           4%         N/A       100%        7
 Summon Horrible Things   Summ           4%         N/A       100%        8


Dungeon Overview and Level Annotations

Branches:
Dungeon (1/1)

Altars:
Cheibriados
Dithmenos
Elyvilon
Fedhas
Gozag
Hepliaklqana
Kikubaaqudgha
Makhleb
Nemelex Xobeh
Okawaru
Qazlal
Ru
Sif Muna
Trog
Uskayaw
Vehumet
Wu Jian
Xom
Yredelemnul
Zin
The Shining One
Jiyva
Lugonu

Shops:
D ??:[!=*=:*[[=(!(![![[[

Annotations:
D Lom Lobon, Tiamat


Innate Abilities, Weirdness & Mutations

You are a six-headed hydra.
You swim very quickly.
You can devour living enemies to heal.
Your maximum health is greatly increased.
Your armour is entirely melded.
You are incapable of wielding weapons or throwing items.
((You are quick and stealthy near water. (Stealth+, EV+, Speed+++)))
((Your lower body shifts to a powerful aquatic tail in water.))
You are agile. (Dex +2)
Your natural rate of healing is unusually fast.


Message History

Really walk into a travel-excluded area? [Y]es or [N]o only, please.
Really walk into a travel-excluded area?
There is an open door here.
Stopped running for exclusion.
Casting: Hydra Form (safe; 1% risk of failure)
Confirm with . or Enter, or press ? or * to list all spells.
You turn into a six-headed hydra.
Your +1 cloak of stealth melds into your body.
Your +2 robe melds into your body.
You feel less stealthy.
There is an open door here.
Things that are here:
a +0 robe; a +0 dagger
There is an open door, spattered with blood here.
There is an open door here.
There is an open door here.
Xihazooc comes into view.
There is an open door here.
There is an open door here.
You feel yourself speed up.
Xihazooc gestures. 2 ball lightnings come into view.
The ball lightning explodes!
The blast of lightning engulfs Xihazooc.
Xihazooc completely resists.
The blast of lightning engulfs you. You resist.
The blast of lightning engulfs the ball lightning.
The ball lightning completely resists.
There is an open door, spattered with blood here.
You see here a +0 giant spiked club.
Unknown command.
Things that are here:
a +0 leather armour; a +0 club
There is an open door here.
Press: ? - help, v - describe, . - travel
Here: Xihazooc The floor.
There is a staircase leading out of the dungeon here.
You hear a clap of thunder!
Xihazooc shouts, "Embrace thy doom, thou pox-marked tip-merry wagtail!"
You have escaped!

##################
#D.#..)&.#.['..#__
#..'[&#..'..#..'..
#..#####'#####'#__
#..####..#...#&###
#..#__####..##(#§§
#..#_____##'#_.'≈§
#⌠⌠#_.∩...'..._#≈§
####_..__##_.#'##§
*,,#_____###'#(#..


You could see Xihazooc.

Vanquished Creatures
  the Lernaean hydra (D)
  A golden dragon (D)
  A deep elf master archer (D)
  A shadow dragon (D)
  4 fire giants (D)
  A lorocyproca (D)
  A deep elf annihilator (D)
  A mummy priest (D)
  A hydra (D)
  2 centaur warriors (D)
  Sonja (D)
  A deep troll (D)
  A lindwurm (D)
  2 oklob plants (D)
  8 shining eyes (D)
  2 merfolk sirens (D)
  7 unseen horrors (D)
  A gargoyle (D)
  2 kobold demonologists (D)
  4 demonic crawlers (D)
  A hellwing (D)
  5 hornets (D)
  A slime creature (D)
  2 redbacks (D)
  A yak (D)
  Sigmund (D)
  13 hogs (D)
  7 floating eyes (D)
  7 necrophages (D)
  An ogre (D)
  8 jellies (D)
  Ijyb (D)
91 creatures vanquished.

Vanquished Creatures (others)
  A gargoyle (D)
  A ball lightning (D)
  2 ballistomycete spores (D)
4 creatures vanquished.

Grand Total: 95 creatures vanquished

Notes
Turn   | Place    | Note
-------+----------+-------------------------------------------
     0 | D        | mhtbhm the Merfolk Transmuter began the quest for the Orb.
     0 | D        | Reached XP level 1. HP: 15/15 MP: 3/3
     3 | D        | Noticed Ijyb
    10 | D        | Killed Ijyb
    11 | D        | Reached skill level 5 in Unarmed Combat
    11 | D        | Reached XP level 2. HP: 21/21 MP: 3/6
    11 | D        | Reached XP level 3. HP: 26/26 MP: 3/7
    29 | D        | Killed a gargoyle
    88 | D        | Learned a level 2 spell: Wereblood
    92 | D        | Learned a level 3 spell: Spider Form
   283 | D        | Noticed an ogre
   287 | D        | Killed an ogre
   288 | D        | Reached skill level 5 in Dodging
   288 | D        | Reached skill level 8 in Unarmed Combat
   288 | D        | Reached skill level 5 in Transmutations
   288 | D        | Reached XP level 4. HP: 32/32 MP: 5/10
   291 | D        | Noticed Sigmund
   300 | D        | Killed Sigmund
   301 | D        | Reached skill level 9 in Unarmed Combat
   301 | D        | Reached skill level 5 in Spellcasting
   301 | D        | Reached skill level 1 in Poison Magic
   301 | D        | Reached XP level 5. HP: 21/37 MP: 1/12
   301 | D        | Reached XP level 6. HP: 24/43 MP: 1/14
   480 | D        | Learned a level 5 spell: Hydra Form
   485 | D        | Learned a level 4 spell: Ice Form
   615 | D        | Found an ornate altar of the Wu Jian Council.
   615 | D        | Found a shimmering blue altar of Sif Muna.
   617 | D        | Found a radiant altar of Vehumet.
   621 | D        | Reached skill level 10 in Unarmed Combat
   625 | D        | Found Bienub's Antique Armour Emporium.
   625 | D        | Found an ancient bone altar of Kikubaaqudgha.
   625 | D        | Found a hazy altar of Hepliaklqana.
   625 | D        | Found a stormy altar of Qazlal.
   625 | D        | Found a hide-covered altar of Uskayaw.
   625 | D        | Found a blossoming altar of Fedhas.
   625 | D        | Found a bloodstained altar of Trog.
   625 | D        | Found an iron altar of Okawaru.
   625 | D        | Found a basalt altar of Yredelemnul.
   625 | D        | Found a glowing golden altar of the Shining One.
   625 | D        | Found a snail-covered altar of Cheibriados.
   625 | D        | Found a sacrificial altar of Ru.
   625 | D        | Found a glowing silver altar of Zin.
   625 | D        | Found a shadowy altar of Dithmenos.
   625 | D        | Found a white marble altar of Elyvilon.
   625 | D        | Noticed a yak
   635 | D        | Killed a yak
   636 | D        | Reached skill level 11 in Unarmed Combat
   636 | D        | Reached XP level 7. HP: 38/49 MP: 11/16
   636 | D        | Found an opulent altar of Gozag.
   637 | D        | Found a sparkling altar of Nemelex Xobeh.
   659 | D        | Became a worshipper of Warmaster Okawaru
   787 | D        | Found a burning altar of Makhleb.
   787 | D        | Found a viscous altar of Jiyva.
   787 | D        | Found a shimmering altar of Xom.
   787 | D        | Found a corrupted altar of Lugonu.
   787 | D        | Noticed a slime creature
   794 | D        | Killed a slime creature
   795 | D        | Reached skill level 12 in Unarmed Combat
   805 | D        | Noticed a kobold demonologist
   805 | D        | Noticed a kobold demonologist
   807 | D        | Paralysed by a floating eye for 3 turns
   812 | D        | Reached * piety under Okawaru
   818 | D        | Killed a kobold demonologist
   819 | D        | Reached XP level 8. HP: 57/57 MP: 13/19
   822 | D        | Killed a kobold demonologist
   822 | D        | Reached ** piety under Okawaru
   823 | D        | Reached skill level 13 in Unarmed Combat
   889 | D        | Noticed a centaur warrior
   889 | D        | Noticed a centaur warrior
   900 | D        | Killed a centaur warrior
   901 | D        | Reached skill level 14 in Unarmed Combat
   901 | D        | Reached skill level 10 in Transmutations
   901 | D        | Reached XP level 9. HP: 22/65 MP: 13/21
   904 | D        | Killed a centaur warrior
   904 | D        | Reached *** piety under Okawaru
   905 | D        | Reached skill level 15 in Unarmed Combat
  1105 | D        | Noticed a deep troll
  1110 | D        | Killed a deep troll
  1110 | D        | Reached **** piety under Okawaru
  1111 | D        | Reached skill level 10 in Dodging
  1116 | D        | Found Ufiwej's Armour Emporium.
  1223 | D        | Noticed Sonja
  1228 | D        | Killed Sonja
  1229 | D        | Reached skill level 5 in Fighting
  1229 | D        | Reached skill level 1 in Stealth
  1229 | D        | Reached skill level 16 in Unarmed Combat
  1229 | D        | Reached skill level 1 in Ice Magic
  1229 | D        | Reached XP level 10. HP: 56/74 MP: 19/23
  1287 | D        | Found Vipseeg's Magic Scroll Boutique.
  1295 | D        | Bought a scroll of magic mapping for 35 gold pieces
  1295 | D        | Bought a scroll of identify for 20 gold pieces
  1295 | D        | Bought a scroll of identify for 20 gold pieces
  1295 | D        | Bought a scroll of identify for 20 gold pieces
  1460 | D        | Paralysed by a hornet for 3 turns
  1719 | D        | Noticed an oklob plant
  1728 | D        | Killed an oklob plant
  1729 | D        | Reached skill level 10 in Spellcasting
  1772 | D        | Killed an unseen horror
  1772 | D        | Reached ***** piety under Okawaru
  1777 | D        | Killed an unseen horror
  1979 | D        | Reached skill level 17 in Unarmed Combat
  1991 | D        | Received a gift from Okawaru
  2236 | D        | Identified the ring "Boynyd" {Contam rElec rC+++ EV+4
                  | Stlth+}
  2259 | D        | Found Ysoitt's Jewellery Shoppe.
  2259 | D        | Found Lefirche's General Store.
  2259 | D        | Found Tuoloem's Book Boutique.
  2261 | D        | Found Hiapt's General Store.
  2261 | D        | Found Qoola's Armour Shop.
  2261 | D        | Found Jics's Armour Shoppe.
  2261 | D        | Found Qileq's Jewellery Boutique.
  2261 | D        | Found Fuybihoth's Weapon Emporium.
  2261 | D        | Found Zuqon's Distillery.
  2261 | D        | Found Uhautiut's Weapon Shoppe.
  2266 | D        | Found Duconn's Distillery.
  2267 | D        | Found Edejih's Distillery.
  2267 | D        | Found Peaxe's Antique Armour Boutique.
  2278 | D        | Found Yfoaw's Antique Armour Emporium.
  2280 | D        | Bought a ring of protection from fire for 325 gold pieces
  2484 | D        | Reached XP level 11. HP: 82/82 MP: 18/25
  2493 | D        | Reached skill level 18 in Unarmed Combat
  2499 | D        | Noticed a lindwurm
  2505 | D        | Killed a lindwurm
  2533 | D        | Reached skill level 19 in Unarmed Combat
  2548 | D        | Noticed a 12-headed hydra
  2554 | D        | Killed a 12-headed hydra
  2555 | D        | Paralysed by a floating eye for 4 turns
  3005 | D        | Noticed a shadow dragon
  3007 | D        | Noticed a golden dragon
  3020 | D        | Killed a golden dragon
  3020 | D        | Received a gift from Okawaru
  3021 | D        | Reached skill level 20 in Unarmed Combat
  3026 | D        | Killed a shadow dragon
  3027 | D        | Reached skill level 21 in Unarmed Combat
  3027 | D        | Reached XP level 12. HP: 92/92 MP: 21/27
  3090 | D        | Found Cukege's Armour Shoppe.
  3149 | D        | Noticed a daeva
  3159 | D        | Reached skill level 1 in Invocations
  3450 | D        | Noticed a fire giant
  3453 | D        | Noticed a fire giant
  3454 | D        | Noticed a fire giant
  3455 | D        | Noticed a fire giant
  3462 | D        | Killed a fire giant
  3464 | D        | Killed a fire giant
  3465 | D        | Reached skill level 22 in Unarmed Combat
  3469 | D        | Killed a fire giant
  3471 | D        | Killed a fire giant
  3471 | D        | Reached ****** piety under Okawaru
  3471 | D        | Identified the +2 battleaxe "Cenasior" {freeze, +Rage rF+++
                  | Will-} (Okawaru gifted it to you in the Dungeon)
  3471 | D        | Received a gift from Okawaru
  3472 | D        | Reached skill level 15 in Transmutations
  3568 | D        | Found the +4 dragonskin cloak
  3568 | D        | Noticed Tiamat
  4163 | D        | Noticed a deep elf annihilator
  4169 | D        | Killed a deep elf annihilator
  4180 | D        | Reached skill level 23 in Unarmed Combat
  4180 | D        | Reached XP level 13. HP: 101/101 MP: 23/30
  4187 | D        | Noticed a mummy priest
  4196 | D        | Killed a mummy priest
  4702 | D        | Noticed the 27-headed Lernaean hydra
  4707 | D        | Killed the 27-headed Lernaean hydra
  4707 | D        | Received a gift from Okawaru
  4708 | D        | Reached skill level 15 in Dodging
  4905 | D        | Noticed a deep elf master archer
  4913 | D        | Killed a deep elf master archer
  4914 | D        | Reached skill level 5 in Stealth
  4914 | D        | Reached skill level 24 in Unarmed Combat
  5198 | D        | Found the ring of the Tortoise {AC+8}
  5223 | D        | Identified the amulet "Lallagg" {Acrobat Will+ Regen+
                  | Dex+4}
  5511 | D        | Killed a lorocyproca
  5814 | D        | Bought a scroll of fog for 20 gold pieces
  5814 | D        | Bought a scroll of fog for 20 gold pieces
  5822 | D        | Bought a scroll of identify for 20 gold pieces
  5831 | D        | Gained mutation: Your natural rate of healing is unusually
                  | fast. [a shining eye]
  5831 | D        | Gained mutation: You are agile. (Dex +2) [a shining eye]
  5833 | D        | Reached skill level 1 in Evocations
  5833 | D        | Received a gift from Okawaru
  5863 | D        | Found Ynloideu's Distillery.
  5863 | D        | Found Piabifewk's Book Emporium.
  5863 | D        | Found Huocluma's Jewellery Boutique.
  5864 | D        | Found Fuffudad's Magic Scroll Shoppe.
  6062 | D        | Bought a scroll of blinking for 82 gold pieces
  6062 | D        | Bought a scroll of blinking for 82 gold pieces
  6073 | D        | Bought a potion of haste for 140 gold pieces
  6073 | D        | Bought a potion of curing for 42 gold pieces
  6073 | D        | Bought a potion of curing for 42 gold pieces
  6073 | D        | Bought a potion of might for 56 gold pieces
  6176 | D        | Bought a potion of might for 52 gold pieces
  6176 | D        | Bought a scroll of identify for 26 gold pieces
  6184 | D        | Bought a potion of heal wounds for 60 gold pieces
  6186 | D        | Bought a potion of heal wounds for 55 gold pieces
  6186 | D        | Bought 2 potions of berserk rage for 110 gold pieces
  6187 | D        | Bought a potion of berserk rage for 60 gold pieces
  6187 | D        | Bought a potion of heal wounds for 60 gold pieces
  6187 | D        | Bought a potion of heal wounds for 60 gold pieces
  6187 | D        | Bought a potion of heal wounds for 60 gold pieces
  6367 | D        | Noticed Lom Lobon
  6375 | D        | HP: 5/131 [something (10)]
  6382 | D        | Got the Orb of Zot
  6437 | D        | Noticed Xihazooc the pandemonium lord
  6452 | D        | Escaped with the Orb!

Illustrated notes

Levels and vault maps discovered:
D:        dungeon_sprint_1 [red_sonja_temple_1, red_sonja_temple_small_1]

Skill      XL: |  1  2  3  4  5  6  7  8  9 10 11 12 13 |
---------------+----------------------------------------+-----
Dodging        | 3 5 6 7 8 9 10 11 13 14 15 | 15.3
Unarmed Combat | 5 8 9 11 12 14 16 17 21 23 24 | 24.3
Spellcasting   | 3 4 5 6 7 8 9 10 11 13 14 | 14.6
Transmutations | 3 5 6 7 9 10 12 13 14 15 17 | 17.3
Poison Magic   | 1 2 3 |  3.6
Fighting       | 2 3 5 6 8 9 |  9.5
Stealth        | 1 4 5 |  5.6
Ice Magic      | 1 2 |  2.6
Invocations    | 2 4 |  4.5
Evocations     | 1 |  1.2

Action                   |  1- 3 |  4- 6 |  7- 9 | 10-12 | 13-15 || total
-------------------------+-------+-------+-------+-------+-------++-------
Melee: Unarmed           |     9 |    16 |    35 |   166 |    32 ||   258
       Headbutt          |     1 |       |       |       |       ||     1
 Cast: Beastly Appendage |     1 |       |       |       |     1 ||     2
       Spider Form       |     1 |     1 |       |       |       ||     2
       Hydra Form        |       |     1 |     3 |    12 |    14 ||    30
       Wereblood         |       |       |     2 |     4 |       ||     6
       Ice Form          |       |       |     1 |       |     1 ||     2
Invok: Heroism           |       |       |       |     3 |     1 ||     4
       Finesse           |       |       |       |       |     1 ||     1
Evoke: Condenser vane    |       |       |       |       |     2 ||     2
  Use: Potion            |     1 |     1 |       |     2 |     5 ||     9
       Scroll            |       |       |       |     2 |     7 ||     9
 Stab: Sleeping          |       |       |     1 |     2 |     2 ||     5
Armor: Skin              |       |     2 |    19 |    35 |       ||    56
       Robe              |       |       |       |       |     1 ||     1
Dodge: Dodged            |     4 |     8 |    21 |   110 |     4 ||   147

Table legend: (Time is in decaauts)
 A = Elapsed time spent in this place.
 B = Non-inter-level travel time spent in this place.
 C = Inter-level travel time spent in this place.
 D = Time resting spent in this place.
 E = Time spent auto-exploring this place.
 F = Levels seen in this place.
 G = Mean time per level.
                   A        B        C        D        E       F      G
               +--------+--------+--------+--------+--------+-----+--------+
         Total |   6319 |   6315 |      4 |   4193 |      0 |   1 | 6319.0 |
       Dungeon |   6319 |   6315 |      4 |   4193 |      0 |   1 | 6319.0 |
               +--------+--------+--------+--------+--------+-----+--------+

Top non-repeatable levels by time:
       D: 6319 daAuts
